 Dungeon Crawl Stone Soup version 0.17-a0-2220-g6fea741 (webtiles) character file.

796 Kolbur the Spear-Bearer (level 7, -9/50 HPs)
             Began as a Merfolk Ice Elementalist on Oct 27, 2015.
             Killed by nerve-wracking pain
             ... invoked by a shadow imp
              (12 damage)
             ... on level 6 of the Dungeon on Oct 28, 2015.
             The game lasted 00:56:20 (3054 turns).

Kolbur the Spear-Bearer (Merfolk Ice Elementalist)  Turns: 3054, Time: 00:56:20

Health: -9/50      AC:  9    Str:  8    XL:     7   Next: 89%
Magic:  10/10      EV: 14    Int: 15    God:
Gold:   73         SH:  0    Dex: 16    Spells: 3 memorised, 2 levels left

rFire  . . .     SeeInvis .     a - +0 trident
rCold  . . .     Clarity  .     j - +2 animal skin
rNeg   . . .     SustAt   .     (no shield)
rPois  +         Gourm    .     k - +0 helmet
rElec  .         Spirit   .     (no cloak)
rCorr  .         Warding  .     x - +2 pair of gloves
rMut   .         Stasis   .     o - +0 pair of boots
MR     .....                    (no amulet)
Stlth  +++.......               q - ring of poison resistance
                                r - ring of stealth

@: very slightly contaminated, not resistant to hostile enchantments, fairly
stealthy
A: change form in water, swift swim
a: no special abilities


You were on level 6 of the Dungeon.
You were hungry.

You visited 1 branch of the dungeon, and saw 6 of its levels.

You collected 293 gold pieces.
You spent 220 gold pieces at shops.

Inventory:

Hand Weapons
 a - a +0 trident (weapon)
 b - a +0 blowgun
Missiles
 h - 117 stones (quivered)
Armour
 j - a +2 animal skin (worn)
 k - a +0 helmet (worn)
 o - a +0 pair of boots (worn)
 x - a +2 pair of gloves (worn)
Jewellery
 q - a ring of poison resistance (right hand)
 r - a ring of stealth (left hand)
Scrolls
 v - 3 scrolls of random uselessness
Potions
 e - a potion of cancellation {unknown}
 i - a potion of brilliance {unknown}
 l - a potion of might {unknown}
 n - a potion of haste {unknown}
 s - a potion of cure mutation {unknown}
 z - a potion of agility {unknown}
 C - 2 potions of heal wounds {unknown}
Books
 p - a book of the Tempests

   Spells                             Type                      Level
   a - Static Discharge               Conjuration/Air              3
   b - Lightning Bolt                 Conjuration/Air              5
   c - Fireball                       Conjuration/Fire             5
   d - Tornado                        Air                          9
   e - Shatter                        Earth                        9
 A - a book of Frost

   Spells                             Type                      Level
   a - Freeze                         Ice                          1
   b - Throw Frost                    Conjuration/Ice              2
   c - Ozocubu's Armour               Charms/Ice                   3
   d - Throw Icicle                   Conjuration/Ice              4
   e - Summon Ice Beast               Ice/Summoning                4
   f - Condensation Shield            Ice                          4
Comestibles
 c - 6 bread rations
 t - 3 slices of pizza


   Skills:
 - Level 2.1 Fighting
 * Level 8.8 Polearms
 - Level 4.0 Dodging
 - Level 2.1 Stealth
 - Level 2.0 Spellcasting
   Level 0.7 Conjurations
 - Level 2.0 Charms
 + Level 5.6 Ice Magic


You had 2 spell levels left.
You knew the following spells:

 Your Spells              Type           Power        Failure   Level  Hunger
a - Freeze                Ice            ###.         1%          1    #......
c - Condensation Shield   Ice            ###.......   24%         4    #####..
o - Ozocubu's Armour      Chrm/Ice       ##......     17%         3    ###....


Dungeon Overview and Level Annotations

Branches:
Dungeon (6/15)
 Temple: D:4-7

Altars:
Dithmenos
Yredelemnul

Shops:
D:4 =

Annotations:
D:5 teron's ghost, novice DrEE
D:6 4thArraOfDagon's ghost, amateur FoHu


Message History

The shadow imp hits you but does no damage.
The orc priest miscasts a cantrip.
Drink which item? (? for menu, Esc to quit)
You feel better. The shadow imp misses you.
Attack whom?
Press: ? - help, Dir - move target cursor, f - shadow imp
Aim: a shadow imp
Okay, then.
Unknown command.
Unknown command.
Items here: ) [ ÷ † a leather armour; a mace; a giant cockroach corpse; an orc skeleton The orc warrior seems to regain its courage.
The orc priest mumbles some strange prayers to Beogh against you.
Something smites you!
* * * LOW HITPOINT WARNING * * *
The orc warrior shouts!
The shadow imp gestures at you. Pain shoots through your body!
You die...

..... .o. #)#
#o# #o# #o#
#§#
#.############
#.5.@..(.o..<#
##############


You could see an orc warrior and a shadow imp.

Vanquished Creatures
  An ogre (D:4)
  A big kobold (D:4)
  A wight (D:6)
  2 crimson imps (D:5)
  A quasit (D:6)
  An orc priest (D:4)
  A giant frog skeleton (D:4)
  A hound (D:4)
  An orc wizard (D:6)
  An iguana (D:4)
  4 worker ants
  A hound skeleton (D:4)
  Robin (D:2)
  9 gnolls (D:4)
  3 adders
  4 orcs
  A ball python (D:3)
  4 bats
  4 giant cockroaches
  28 hobgoblins
  7 jackals
  A kobold (D:4)
  A quokka (D:3)
  4 giant newts
  44 goblins
  5 rats
132 creatures vanquished.

Notes
Turn   | Place    | Note
--------------------------------------------------------------
     0 | D:1      | Kolbur the Merfolk Ice Elementalist began the quest for the Orb.
     0 | D:1      | Reached XP level 1. HP: 13/13 MP: 3/3
   219 | D:2      | Reached XP level 2. HP: 17/19 MP: 1/5
   352 | D:1      | Reached skill level 4 in Ice Magic
   545 | D:2      | Found a basalt altar of Yredelemnul.
   562 | D:2      | Reached XP level 3. HP: 22/24 MP: 6/6
   618 | D:2      | Noticed Robin
   725 | D:2      | Killed Robin
   728 | D:2      | Reached skill level 5 in Ice Magic
   931 | D:3      | Reached XP level 4. HP: 29/31 MP: 5/7
  1002 | D:5      | Entered Level 5 of the Dungeon
  1148 | D:4      | Reached skill level 1 in Fighting
  1286 | D:4      | Reached skill level 1 in Polearms
  1316 | D:4      | Learned a level 3 spell: Ozocubu's Armour
  1373 | D:4      | Reached XP level 5. HP: 4/37 MP: 4/8
  1570 | D:4      | Reached XP level 6. HP: 24/44 MP: 2/9
  1627 | D:4      | Learned a level 4 spell: Condensation Shield
  1665 | D:4      | Reached skill level 5 in Polearms
  1959 | D:4      | Reached skill level 6 in Polearms
  1959 | D:4      | Reached skill level 1 in Charms
  2123 | D:4      | Noticed a big kobold
  2142 | D:4      | Killed a big kobold
  2142 | D:4      | Reached XP level 7. HP: 30/50 MP: 2/10
  2176 | D:4      | Reached skill level 7 in Polearms
  2224 | D:4      | Upgraded the game from 0.17-a0-2215-g49c1de0 to 0.17-a0-2220-g6fea741
  2276 | D:4      | Found a shadowy altar of Dithmenos.
  2292 | D:4      | Found Maymeymu's Jewellery Emporium.
  2297 | D:4      | Bought an uncursed ring of poison resistance for 220 gold pieces
  2356 | D:5      | Noticed teron's ghost (novice DrEE)
  2429 | D:6      | Noticed 4thArraOfDagon's ghost (amateur FoHu)
  2568 | D:6      | Noticed an orc warrior
  2764 | D:5      | Reached skill level 8 in Polearms
  2781 | D:5      | Noticed an ice beast
  2782 | D:5      | Noticed an ogre
  2896 | D:4      | Noticed an ogre
  2934 | D:4      | Killed an ogre
  3044 | D:6      | HP: 1/50 [orc priest/divine providence (17)]
  3045 | D:6      | Noticed an orc warrior
  3054 | D:6      | Killed from afar by a shadow imp

Vault maps used:
D:1:      tarquinn_simple_flora_water_c
D:2:      lemuel_round_altar, old_standard_altar, serial_co_window_serial,
          co_window_paths_b, co_window_paths_a, co_window_corner_a,
          co_window_corner_a, co_window_of_opportunity_a, co_window_corner_a,
          co_window_paths_b, co_window_broadway_a, co_window_broadway_b,
          co_window_broadway_a, co_window_broadway_a,
          co_window_of_opportunity_b, co_window_4corner_a, glass_columns_a,
          uniq_robin
D:3:      overflow_temple_1_default, serial_curves, eino_curves_02,
          eino_curves_02, dk_noncrumbling_4
D:4:      minmay_goblin_kobold_castle, kennysheep_little_box, serial_shops,
          shop, first_bread
D:5:      wad_lake_hut

Action                   |  1- 3 |  4- 6 |  7- 9 || total
-------------------------+-------+-------+-------++-------
Melee: Unarmed           |     5 |       |       ||     5
       Dagger            |     9 |     1 |       ||    10
       Trident           |       |   158 |    71 ||   229
 Fire: Blowgun           |       |     9 |    20 ||    29
       Hunting sling     |       |     2 |       ||     2
Throw: Stone             |     1 |    36 |     6 ||    43
 Cast: Freeze            |    46 |    71 |    28 ||   145
       Ozocubu's Armour  |       |     6 |     5 ||    11
       Condensation Shie |       |       |     1 ||     1
  Use: Scroll            |       |     2 |     7 ||     9
       Potion            |       |       |     4 ||     4
 Stab: Sleeping          |     4 |     3 |     2 ||     9
       Distracted        |       |       |     2 ||     2
  Eat: Chunk             |       |     7 |     3 ||    10
       Beef jerky        |       |       |     1 ||     1

Vault maps used:
D:1:      tarquinn_simple_flora_water_c
D:2:      lemuel_round_altar, old_standard_altar, serial_co_window_serial,
          co_window_paths_b, co_window_paths_a, co_window_corner_a,
          co_window_corner_a, co_window_of_opportunity_a, co_window_corner_a,
          co_window_paths_b, co_window_broadway_a, co_window_broadway_b,
          co_window_broadway_a, co_window_broadway_a,
          co_window_of_opportunity_b, co_window_4corner_a, glass_columns_a,
          uniq_robin
D:3:      overflow_temple_1_default, serial_curves, eino_curves_02,
          eino_curves_02, dk_noncrumbling_4
D:4:      minmay_goblin_kobold_castle, kennysheep_little_box, serial_shops,
          shop, first_bread
D:5:      wad_lake_hut

Table legend:
 A = Turns spent in this place as a percentage of turns spent in the entire game.
 B = Non-inter-level travel turns spent in this place as a percentage of non-inter-level travel turns spent in the entire game.
 C = Inter-level travel turns spent in this place as a percentage of turns spent in this place.
 D = Turns resting spent in this place as a percentage of non-inter-level travel turns spent in this place.
 E = Turns spent auto-exploring this place as a percentage of non-inter-level travel turns spent in this place.
 F = Non-inter-level travel turns spent in this place divided by the number of levels of this place that you've seen.
                   A       B       C       D       E      F
               +-------+-------+-------+-------+-------+----------------------
         Total | 100.0 | 100.0 |   0.3 |   0.4 |   0.0 | 447.5
       Dungeon | 100.0 | 100.0 |   0.3 |   0.4 |   0.0 | 447.5
               +-------+-------+-------+-------+-------+----------------------
